 Dungeon Crawl Stone Soup version 0.26-a0-1184-g95e395e029 (webtiles) character file.

Game seed: 12076070191548737887

9 Azzok the Chopper (level 2, 20/24 HPs)
             Began as a Demonspawn Berserker on Dec 27, 2020.
             Was a Follower of Trog.
             Quit the game on level 1 of the Dungeon.
             The game lasted 00:01:09 (553 turns).

Azzok the Chopper (Demonspawn Berserker)             Turns: 553, Time: 00:01:09

Health: 20/24      AC:  8    Str: 17    XL:     2   Next: 3%
Magic:  2/2        EV:  7    Int:  8    God:    Trog [*.....]
Gold:   22         SH:  0    Dex: 12    Spells: 1/1 levels left

rFire    . . .     SeeInvis .   a - +0 hand axe
rCold    + . .     Faith    .   (no shield)
rNeg     . . .     Spirit   .   f - +0 chain mail
rPois    .         Reflect  .   (no helmet)
rElec    .         Harm     .   (no cloak)
rCorr    .         Rampage  .   (no gloves)
Will     .....                  (no boots)
Stlth    ..........             (no amulet)
HPRegen  0.08/turn              (no ring)
MPRegen  0.08/turn              (no ring)

@: no status effects
A: cold resistance 1
a: Renounce Religion, Berserk


You were on level 1 of the Dungeon.
You worshipped Trog.
Trog was aware of your devotion.
You visited 1 branch of the dungeon, and saw 1 of its levels.

You collected 22 gold pieces.

Inventory:

Hand Weapons
 a - a +0 hand axe (weapon)
Armour
 d - a +0 ring mail
 f - a +0 chain mail (worn)
Scrolls
 b - a scroll of amnesia {unknown}
 e - a scroll of blinking {unknown}
Potions
 c - a potion of invisibility {unknown}


   Skills:
 - Level 3.0 Fighting
 + Level 3.2 Axes
 - Level 1.7 Armour
 - Level 1.7 Dodging


You had one spell level left.
You didn't know any spells.
Your spell library was empty.

Dungeon Overview and Level Annotations

Branches:
Dungeon (1/15)

Altars:


Innate Abilities, Weirdness & Mutations

Your flesh is cold resistant. (rC+)


Message History

The jackal is severely wounded.
The jackal bites you but does no damage.
You closely miss the jackal.
The jackal is severely wounded.
The jackal bites you but does no damage. x2
You closely miss the jackal.
The jackal is severely wounded.
The jackal bites you but does no damage.
The jackal barely misses you.
You hit the jackal.
You kill the jackal!
Trog accepts your kill.
You have reached level 2!
Your demonic ancestry asserts itself...
You feel resistant to cold.
You hit the jackal.
The jackal is almost dead.
The jackal bites you.
The jackal bites you but does no damage.
Are you sure you want to abandon this character and quit the game? (Confirm with "yes".)

····················▒···▒▒
·≈≈············>·········▒▒
·≈≈·········g·············▒▒
········▒▒▒▒▒··········[(··▒▒▒▒▒
····≈···▒ ▒▒▒·············[··▒
········▒ ▒g···········▒▒▒··
···· ▒h▒···▒······▒
▒h▒▒▒▒▒▒·····▒ ▒@▒ ▒·····▒ ▒·▒
▒▒·····▒▒▒▒·
▒▒▒▒▒·▒▒▒▒▒···········
▒▒▒···········▒▒▒····▒▒·
▒▒▒···▒▒▒··▒▒▒▒▒ ▒▒▒▒···· ·
▒▒···▒▒▒ ▒▒·▒▒ ▒····▒▒ ·· ▒··▒▒▒
▒··▒ ▒▒▒▒··▒▒··▒ ▒·▒ ▒·▒▒
▒▒·▒▒▒▒····▒ ▒▒·▒ ▒··▒ ▒·▒
▒▒···▒··▒▒▒ ▒·▒


You could see 2 jackals and a goblin.

Vanquished Creatures
  A bat (D:1)
  A hobgoblin (D:1)
  2 jackals (D:1)
  A ball python (D:1)
  2 goblins (D:1)
  A rat (D:1)
8 creatures vanquished.

Notes
Turn   | Place    | Note
-------+----------+-------------------------------------------
     0 | D:1      | Azzok the Demonspawn Berserker began the quest for the Orb.
     0 | D:1      | Reached XP level 1. HP: 18/18 MP: 1/1
   552 | D:1      | Gained mutation: Your flesh is cold resistant. (rC+)
                  | [demonic ancestry]
   552 | D:1      | Reached XP level 2. HP: 22/24 MP: 2/2
   553 | D:1      | Quit the game

Illustrated notes

Levels and vault maps discovered:
D:1:      onia_arrival_mini_maze, layout_rooms, skrybe_limestone_x

Skill      XL: |  1 |
---------------+----+-----
Axes           | 3 |  3.2
Fighting       | |  3.0
Armour         | |  1.7
Dodging        | |  1.7

Action                   || total
-------------------------++-------
Melee: Hand axe          ||    38
Armor: Chain mail        ||    33
       Ring mail         ||     1
       Animal skin       ||     1
Dodge: Dodged            ||    29

Table legend: (Time is in decaauts)
 A = Elapsed time spent in this place.
 B = Non-inter-level travel time spent in this place.
 C = Inter-level travel time spent in this place.
 D = Time resting spent in this place.
 E = Time spent auto-exploring this place.
 F = Levels seen in this place.
 G = Mean time per level.
                   A        B        C        D        E       F      G
               +--------+--------+--------+--------+--------+-----+--------+
         Total |    559 |    559 |      0 |      0 |    439 |   1 |  559.0 |
       Dungeon |    559 |    559 |      0 |      0 |    439 |   1 |  559.0 |
               +--------+--------+--------+--------+--------+-----+--------+

Top non-repeatable levels by time:
     D:1: 559 daAuts
